 Dungeon Crawl Stone Soup version 0.22-a0-447-gee5f7238b3 (webtiles) character file.

17268 Oravi the Nimble (level 12, -1/97 HPs)
             Began as a Merfolk Transmuter on June 3, 2018.
             Was a Believer of Ashenzari.
             Slain by an orange demon (2 damage)
             ... on level 12 of the Dungeon.
             The game lasted 01:00:20 (13127 turns).

Oravi the Nimble (Merfolk Transmuter)              Turns: 13127, Time: 01:00:20

Health: -1/97      AC:  4    Str: 11    XL:     12   Next: 46%
Magic:  11/20      EV: 22    Int: 17    God:    Ashenzari [**....]
Gold:   874        SH:  0    Dex: 17    Spells: 8/22 levels left

rFire    + . .     SeeInvis .     - Unarmed
rCold    + . .     Gourm    .   (shield currently unavailable)
rNeg     + . .     Faith    .   y - +1 robe {rC+} (curse)
rPois    .         Spirit   .   (no helmet)
rElec    .         Reflect  .   (no cloak)
rCorr    .         Harm     .   (gloves currently unavailable)
MR       .....                  D - +0 pair of boots (curse)
Stlth    ++........             C - amulet of regeneration (curse)
HPRegen  0.66/turn              j - ring of flight
MPRegen  0.17/turn              H - ring of the Leaf {rF+ rN+ Dex+3} (curse)

@: lethally poisoned (-1 -> -4), about to teleport, blade hands
A: change form in water, swift swim, stealthy swim
a: End Transformation, Curse Item, Scrying, Renounce Religion, Evoke Flight


You were on level 12 of the Dungeon.
You worshipped Ashenzari.
Ashenzari was pleased with you.
You were very hungry.
You had blades for hands.
You visited 2 branches of the dungeon, and saw 13 of its levels.
You also visited: Sewer, Bailey and Ice Cave.

You collected 874 gold pieces.

Inventory:

Hand Weapons
 B - a +2 glaive of flaming
Missiles
 a - 219 arrows
 c - 47 tomahawks of returning (quivered)
Armour
 o - a cursed +1 pair of gloves (melded)
 y - a cursed +1 robe of cold resistance (worn)
 D - a cursed +0 pair of boots (worn)
Magical Staves
 i - an uncursed staff of death
 F - an uncursed staff of fire
Jewellery
 j - a ring of flight (left scythe-like blade)
 C - a cursed amulet of regeneration (around neck)
 H - the cursed ring of the Leaf (right scythe-like blade) {rF+ rN+ Dex+3}
   (You found it on level 12 of the Dungeon)

   [ring of protection from fire]

   It affects your dexterity (+3).
   It protects you from fire.
   It protects you from negative energy.
   It has a curse placed upon it.
Wands
 b - a wand of flame (36)
 k - a wand of iceblast (5)
 x - a wand of enslavement (13)
 A - a wand of scattershot (6)
Scrolls
 e - 6 scrolls of identify
 h - a scroll of amnesia
 p - 3 scrolls of teleportation
 s - 6 scrolls of magic mapping
 t - 2 scrolls of fog
 u - 2 scrolls of fear
 v - 2 scrolls of enchant weapon
 G - a scroll of enchant armour
Potions
 f - 4 potions of brilliance
 g - 2 potions of might
 l - a potion of agility
 m - 5 potions of curing
 n - a potion of magic
 r - 2 potions of haste
 w - 3 potions of resistance
 E - a potion of flight
Comestibles
 d - 13 rations
 z - 6 chunks of flesh


   Skills:
 + Level 9.8 Fighting
 + Level 11.8(13.0) Dodging
 - Level 11.5 Unarmed Combat
 + Level 5.7 Spellcasting
 - Level 10.0(11.4) Transmutations
 - Level 6.9(8.4) Ice Magic
 - Level 3.8(5.1) Poison Magic


You had 8 spell levels left.
You knew the following spells:

 Your Spells              Type           Power        Failure   Level  Hunger
a - Spider Form           Tmut/Pois      ####......   17%         3    ##.....
b - Sticks to Snakes      Tmut           #####...     9%          2    #......
c - Ice Form              Ice/Tmut       #####...     22%         4    ####...
d - Blade Hands           Tmut           #####.....   28%         5    ######.

Your spell library contained the following spells:

 Spells                   Type           Power        Failure   Level  Hunger
 Magic Dart               Conj           #...         50%         1    None
 Fireball                 Conj/Fire      #.........   100%        5    ######.
 Conjure Flame            Conj/Fire      #.......     78%         3    ##.....
 Confuse                  Hex            #.......     78%         3    ##.....
 Throw Flame              Conj/Fire      #.....       61%         2    #......
 Throw Frost              Conj/Ice       ###...       28%         2    #......
 Mephitic Cloud           Conj/Pois/Air  ##......     61%         3    ##.....
 Venom Bolt               Conj/Pois      ##........   97%         5    ######.
 Olgreb's Toxic Radiance  Pois           ###.....     56%         4    ####...
 Iskenderun's Mystic Bla  Conj           #.......     97%         4    ####...
 Freeze                   Ice            ####         11%         1    None
 Sticky Flame             Conj/Fire      #.......     97%         4    ####...
 Summon Ice Beast         Ice/Summ       ###.....     65%         4    ####...
 Ozocubu's Armour         Chrm/Ice       ###.....     38%         3    ##.....
 Regeneration             Chrm/Necr      #.........   78%         3    ##.....
 Sting                    Conj/Pois      ##..         30%         1    None
 Throw Icicle             Conj/Ice       ###.....     65%         4    ####...
 Confusing Touch          Hex            #.....       50%         1    None
 Flame Tongue             Conj/Fire      #....        50%         1    None
 Metabolic Englaciation   Hex/Ice        ###.......   89%         5    ######.
 Petrify                  Tmut/Erth      ###.....     50%         4    ####...
 Shroud of Golubria       Chrm/Tloc      #.........   61%         2    #......
 Inner Flame              Hex/Fire       #.......     78%         3    ##.....
 Beastly Appendage        Tmut           #####.       8%          1    None
 Fulminant Prism          Conj/Hex       #.........   97%         4    ####...
 Dazzling Spray           Conj/Hex       #.....       78%         3    ##.....
 Force Lance              Conj/Tloc      #.......     97%         4    ####...
 Infusion                 Chrm           #...         50%         1    None
 Song of Slaying          Chrm           #.......     61%         2    #......
 Spectral Weapon          Hex/Chrm       #.......     78%         3    ##.....
 Searing Ray              Conj           #.....       61%         2    #......
 Gell's Gravitas          Tloc           #.........   78%         3    ##.....
 Yara's Violent Unravell  Hex/Tmut       ###.......   77%         5    ######.
 Poisonous Vapours        Pois/Air       ##....       38%         2    #......


Dungeon Overview and Level Annotations

Branches:
Dungeon (12/15)            Temple (1/1) D:6            Lair (0/6) D:10
    Orc (0/2) D:10

Altars:
Ashenzari
Cheibriados
Dithmenos
Elyvilon
Fedhas
Gozag
Hepliaklqana
Kikubaaqudgha
Makhleb
Nemelex Xobeh
Okawaru
Qazlal
Ru
Sif Muna
Trog
Uskayaw
Vehumet
Wu Jian
Xom
Yredelemnul
Zin
The Shining One

Shops:
D:6 !   D:11 !

Portals:
Trove: D:11 (give 6 potions of haste)

Annotations:
D:11 Grum


Message History

The manticore barely misses you. The manticore completely misses you.
You hit the manticore.
The manticore is severely wounded.
The orange demon stings you from afar!
You are poisoned.
The orange demon poisons you! The manticore completely misses you. x2
The manticore barely misses you.
You barely miss the manticore.
The manticore is severely wounded.
You feel sick. The orange demon stings you from afar.
* * * LOW HITPOINT WARNING * * *
As you read the scroll of teleportation, it crumbles to dust.
You feel strangely unstable.
You feel sick. The manticore bites you!
* * * LOW HITPOINT WARNING * * *
The manticore claws you.
* * * LOW HITPOINT WARNING * * *
The manticore claws you!
* * * LOW HITPOINT WARNING * * *
The orange demon stings you from afar.
You die...

##.## * * #.# , ,
#.# ####.#### * , *
, , , #.......# ,* *
#.##.##.# * , , #
#.##.# * ** * ,
#.##.# ######### *
*,*#.##.# #....@H.##
,
*..#)##.###.#####4.#
#........##.#*
##†#** ,
,............# ∆ ..#
, , #....###.####{
{{ ...., , ..... #.#
{, ,s.... , .... ..#
* , ..#$.# * .#.**
#### ** *.#####* ..
.. * * , *


You could see an orange demon and a manticore.

Vanquished Creatures
  A hydra (D:12)
  Erolcha (D:11)
  Erica (D:11)
  2 centaur warriors (D:12)
  3 two-headed ogres
  Nergalle (D:12)
  A deep elf archer (D:12)
  An orc knight (Bailey)
  3 ugly things
  Joseph (D:7)
  Psyche (D:11)
  3 ice statues (IceCv)
  2 trolls
  2 hippogriffs
  Sigmund (D:6)
  A vampire (D:10)
  A spriggan (D:7)
  10 orc warriors
  2 sky beasts
  8 ice beasts
  2 necrophages
  2 black bears
  2 phantoms
  2 wolves (D:11)
  2 ogres
  2 centaurs
  8 bullfrogs
  3 big kobolds
  11 scorpions
  5 killer bees (D:8)
  4 wights (D:6)
  4 howler monkeys
  2 crimson imps
  9 hounds
  3 jellies
  6 orc priests
  3 centaur skeletons
  3 bullfrog skeletons
  6 orc wizards
  5 iguanas
  8 worker ants
  2 hound zombies
  A worker ant zombie (D:9)
  19 adders
  11 gnolls
  5 river rats (Sewer)
  4 shadow imps
  12 white imps (D:11)
  2 oozes
  3 adder skeletons
  3 worms (D:2)
  2 dart slugs (D:1)
  6 leopard geckos
  39 orcs
  6 bats
  4 giant cockroaches
  7 hobgoblins
  8 jackals
  33 kobolds
  4 quokkas
  11 ball pythons
  A ball python skeleton (D:4)
  4 frilled lizards
  17 goblins
  A jackal skeleton (D:5)
  A quokka skeleton (D:6)
  A quokka zombie (D:6)
  31 rats
376 creatures vanquished.

Vanquished Creatures (collateral kills)
  Eustachio (D:4)
  An orc (D:4)
2 creatures vanquished.

Grand Total: 378 creatures vanquished

Notes
Turn   | Place    | Note
-------+----------+-------------------------------------------
     0 | D:1      | Oravi the Merfolk Transmuter began the quest for the Orb.
     0 | D:1      | Reached XP level 1. HP: 15/15 MP: 3/3
   155 | D:1      | Reached XP level 2. HP: 16/21 MP: 3/5
   657 | D:1      | Reached XP level 3. HP: 16/26 MP: 4/6
   661 | D:1      | Learned a level 2 spell: Sticks to Snakes
   665 | D:1      | Learned a level 3 spell: Spider Form
  1364 | D:2      | Reached skill level 1 in Poison Magic
  1406 | D:2      | Found a sparkling altar of Nemelex Xobeh.
  1424 | D:2      | Reached skill level 5 in Transmutations
  1586 | D:2      | Reached XP level 4. HP: 27/32 MP: 4/7
  1614 | D:2      | Found a stormy altar of Qazlal.
  1895 | D:3      | Reached XP level 5. HP: 36/37 MP: 5/8
  1916 | D:3      | Found a shadowy altar of Dithmenos.
  2440 | D:3      | You fall through a shaft!
  2440 | D:4      | Noticed a phantom
  2463 | D:4      | Reached XP level 6. HP: 23/43 MP: 4/9
  2537 | D:4      | Killed a phantom
  3069 | D:4      | Noticed Eustachio
  3085 | D:4      | Killed Eustachio
  3085 | D:4      | Reached XP level 7. HP: 22/51 MP: 1/10
  3422 | D:4      | Reached skill level 5 in Unarmed Combat
  3551 | D:5      | Entered Level 5 of the Dungeon
  3558 | D:5      | Found a bloodstained altar of Trog.
  3694 | D:5      | Found a glowing drain.
  3730 | Sewer    | Entered a sewer
  4100 | Sewer    | Reached skill level 5 in Dodging
  4103 | Sewer    | Reached XP level 8. HP: 35/60 MP: 8/11
  4292 | D:5      | Found a hide-covered altar of Uskayaw.
  5119 | D:6      | Found a staircase to the Ecumenical Temple.
  5127 | Temple   | Entered the Ecumenical Temple
  5514 | D:6      | Found Guzo's Distillery.
  5620 | D:6      | Reached skill level 5 in Fighting
  5638 | D:6      | Found a hide-covered altar of Uskayaw.
  5638 | D:6      | Found an iron altar of Okawaru.
  5639 | D:6      | Found a glowing silver altar of Zin.
  5639 | D:6      | Found a shattered altar of Ashenzari.
  5639 | D:6      | Found a sacrificial altar of Ru.
  5640 | D:6      | Found a basalt altar of Yredelemnul.
  5645 | D:6      | Became a worshipper of Ashenzari the Shackled
  5772 | D:6      | Reached XP level 9. HP: 56/68 MP: 8/12
  5937 | D:6      | Noticed Sigmund
  5947 | D:6      | Killed Sigmund
  6331 | D:7      | Found an opulent altar of Gozag.
  6503 | D:7      | Noticed Joseph
  6510 | D:7      | Found a flagged portal.
  6525 | D:7      | Killed Joseph
  6604 | Bailey   | Entered a bailey
  6639 | Bailey   | Noticed an orc knight
  6965 | Bailey   | Reached skill level 10 in Unarmed Combat
  6971 | Bailey   | HP: 3/71 [orc knight/broad axe (17)]
  6985 | Bailey   | Killed an orc knight
  6985 | Bailey   | Reached XP level 10. HP: 14/79 MP: 13/13
  7745 | D:8      | Learned a level 5 spell: Blade Hands
  7767 | D:8      | Noticed a two-headed ogre
  8134 | D:7      | Killed a two-headed ogre
  8145 | D:7      | Learned a level 4 spell: Ice Form
  8510 | D:8      | Noticed a two-headed ogre
  8704 | D:8      | Killed a two-headed ogre
  9097 | D:8      | Reached * piety under Ashenzari
  9364 | D:9      | Reached skill level 10 in Dodging
  9364 | D:9      | Reached XP level 11. HP: 53/86 MP: 13/17
 10012 | D:9      | Noticed a two-headed ogre
 10029 | D:9      | Killed a two-headed ogre
 10290 | D:10     | Entered Level 10 of the Dungeon
 10527 | D:10     | Reached ** piety under Ashenzari
 10791 | D:10     | Found a staircase to the Orcish Mines.
 11022 | D:10     | Found a staircase to the Lair.
 11131 | D:11     | Reached skill level 1 in Ice Magic
 11152 | D:11     | Noticed Psyche
 11161 | D:11     | Killed Psyche
 11163 | D:11     | Found a frozen archway.
 11164 | D:11     | Noticed Erolcha
 11181 | D:11     | Killed Erolcha
 11226 | IceCv    | Entered an ice cave
 11251 | IceCv    | Reached skill level 5 in Ice Magic
 11338 | IceCv    | Noticed a white ugly thing
 11364 | IceCv    | Killed a white ugly thing
 11860 | IceCv    | Noticed a white ugly thing
 11881 | IceCv    | Killed a white ugly thing
 11881 | IceCv    | Reached skill level 10 in Transmutations
 12077 | D:11     | Found a portal to a secret trove of treasure.
 12326 | D:11     | Found Nuishuruori's Distillery.
 12358 | D:11     | Noticed Erica
 12358 | D:11     | Noticed Grum
 12389 | D:11     | Killed Erica
 12389 | D:11     | Reached XP level 12. HP: 23/95 MP: 18/18
 12690 | D:12     | Identified the ring of the Leaf {rF+ rN+ Dex+3}
 12690 | D:12     | Noticed a centaur warrior
 12695 | D:12     | Noticed a centaur warrior
 12701 | D:12     | Killed a centaur warrior
 12707 | D:12     | Killed a centaur warrior
 12707 | D:12     | Reached skill level 5 in Spellcasting
 12787 | D:12     | Noticed a four-headed hydra
 12798 | D:12     | Killed a four-headed hydra
 12966 | D:12     | Noticed Nergalle
 12978 | D:12     | Killed Nergalle
 13127 | D:12     | HP: 1/97 [manticore (11)]
 13127 | D:12     | Slain by an orange demon

Vault maps used:
D:1:      erik_arrival_cave_to_civilisation, hex_intersection,
          serial_park_tiny_pond
D:2:      nemelex_xobeh_ov_fountains_minmay, first_ration,
          nicolae_qazlal_general_emergency
D:3:      old_standard_altar
D:4:      uniq_eustachio
D:5:      basic_altar, portal_sewer_entry_f, grunt_ministairs_3, trog_book
D:6:      grunt_temple_overflow_open, minmay_temple_entry_grid, serial_shops,
          nicolae_shop_trees, kennysheep_small_circle, uniq_sigmund
D:7:      enter_bailey_2, minmay_misc_feat_x, the_bakery,
          nicolae_gozag_cash_rules_everything_around_me, uniq_joseph
D:10:     lair_entry_dummy, david_orc_3
D:11:     serial_shops, shop_fountains, portal_ice_cave_entry_imps,
          enter_trove_2, uniq_grum, uniq_erica, uniq_erolcha, uniq_psyche
D:12:     cheibrodos_elevator_heist, einodemon_barbed_minivault, uniq_nergalle
Temple:   nicolae_temple_figure_eight
Sewer:    sewer_minmay_w
Bailey:   bailey_axe_1, bailey
IceCv:    ice_cave_statue_garden_chambered

Skill      XL: |  1  2  3  4  5  6  7  8  9 10 11 12 |
---------------+-------------------------------------+-----
Transmutations | 3 4 5 6 8 10 | 10.0
Poison Magic   | 1 2 3 |  3.8
Dodging        | 3 5 6 8 10 11 | 11.8
Unarmed Combat | 4 6 8 10 11 | 11.5
Fighting       | 2 3 5 7 8 9 |  9.8
Spellcasting   | 4 5 |  5.7
Ice Magic      | 6 |  6.9

Action                   |  1- 3 |  4- 6 |  7- 9 | 10-12 || total
-------------------------+-------+-------+-------+-------++-------
Melee: Unarmed           |   105 |   149 |   450 |   518 ||  1222
       Headbutt          |    11 |       |     2 |       ||    13
       Tailslap          |       |       |     1 |       ||     1
       Punch             |       |       |     1 |     2 ||     3
Throw: Tomahawk          |       |       |    35 |       ||    35
 Cast: Beastly Appendage |    21 |     2 |     4 |       ||    27
       Spider Form       |     4 |    23 |    42 |    48 ||   117
       Sticks to Snakes  |       |     5 |     8 |     4 ||    17
       Ice Form          |       |       |       |     5 ||     5
       Blade Hands       |       |       |       |     4 ||     4
Invok: Curse Item        |       |       |     1 |     3 ||     4
 Abil: End Transformatio |       |       |     2 |     3 ||     5
  Use: Scroll            |       |     6 |       |    15 ||    21
       Potion            |       |     2 |     2 |     3 ||     7
 Stab: Sleeping          |       |       |     1 |     4 ||     5
       Distracted        |       |       |       |     1 ||     1
  Eat: Chunk             |     3 |     9 |    17 |    20 ||    49
       Ration            |       |       |       |     2 ||     2
Armor: Robe              |     8 |     1 |    17 |     6 ||    32
       Skin              |     4 |    20 |    17 |    34 ||    75
Dodge: Dodged            |    81 |   163 |   531 |   514 ||  1289

Table legend:
 A = Spawn XP
 B = Non-spawn XP
 C = Spawn XP percentage of total XP
 D = Spawn monster count
 E = Non-spawn monster count
 F = Spawn count percentage of total count
 G = Total turns spent on level
                    A         B        C        D         E        F      G
               +---------+---------+-------+---------+---------+-------+---------
         Total |       0 |   24669 |   0.0 |       0 |     378 |   0.0 | 13127
               +---------+---------+-------+---------+---------+-------+---------
           D:1 |       0 |      50 |   0.0 |       0 |      26 |   0.0 |  1348
           D:2 |       0 |     105 |   0.0 |       0 |      23 |   0.0 |   528
           D:3 |       0 |     159 |   0.0 |       0 |      25 |   0.0 |   733
           D:4 |       0 |     426 |   0.0 |       0 |      15 |   0.0 |   942
           D:5 |       0 |     596 |   0.0 |       0 |      26 |   0.0 |   984
           D:6 |       0 |    1385 |   0.0 |       0 |      29 |   0.0 |   803
           D:7 |       0 |    2303 |   0.0 |       0 |      20 |   0.0 |  1479
           D:8 |       0 |    2443 |   0.0 |       0 |      27 |   0.0 |   946
           D:9 |       0 |    2338 |   0.0 |       0 |      27 |   0.0 |  1006
          D:10 |       0 |    1449 |   0.0 |       0 |      16 |   0.0 |   798
          D:11 |       0 |    3452 |   0.0 |       0 |      36 |   0.0 |   885
          D:12 |       0 |    5213 |   0.0 |       0 |      17 |   0.0 |   355
         Sewer |       0 |     397 |   0.0 |       0 |      48 |   0.0 |   554
        Bailey |       0 |    1202 |   0.0 |       0 |      32 |   0.0 |   774
         IceCv |       0 |    3151 |   0.0 |       0 |      11 |   0.0 |   799
               +---------+---------+-------+---------+---------+-------+---------
